 Dungeon Crawl Stone Soup version 0.24.0-10-g970556be89 (webtiles) character file.

Game seed: 1230917901339408450, levelgen mode: classic

765 EnegeticOcto the Gusty (level 7, -5/51 HPs)
             Began as a Gnoll Air Elementalist on Nov 3, 2019.
             Slain by a scorpion (9 damage)
             ... on level 5 of the Dungeon.
             The game lasted 00:16:12 (3316 turns).

EnegeticOcto the Gusty (Gnoll Air Elementalist)     Turns: 3316, Time: 00:16:13

Health: -5/51      AC:  2    Str: 10    XL:     7   Next: 81%
Magic:  13/15      EV: 15    Int: 19    God:
Gold:   156        SH:  0    Dex: 16    Spells: 9/17 levels left

rFire    . . .     SeeInvis .   r - +2 dagger (elec)
rCold    . . .     Gourm    .   (no shield)
rNeg     . . .     Faith    .   a - +0 robe
rPois    +         Spirit   .   (no helmet)
rElec    .         Reflect  .   (no cloak)
rCorr    .         Harm     .   (no gloves)
MR       .....                  (no boots)
Stlth    +++.......             (no amulet)
HPRegen  0.17/turn              j - ring of poison resistance
MPRegen  0.14/turn              (no ring)

@: no status effects
A: distributed training, fangs 1, strong nose
a: no special abilities


You were on level 5 of the Dungeon.
You were hungry.

You visited 2 branches of the dungeon, and saw 6 of its levels.

You collected 156 gold pieces.

Inventory:

Hand Weapons
 g - a +0 spear
 r - a +2 dagger of electrocution (weapon)
Armour
 a - a +0 robe (worn)
Jewellery
 j - a ring of poison resistance (left hand)
 l - an uncursed ring of fire
Wands
 q - a wand of scattershot (7)
Scrolls
 d - 5 scrolls of teleportation {unknown}
 h - a scroll of fog {unknown}
 k - a scroll of magic mapping {@r5 !r}
 m - a scroll of amnesia
 o - a scroll of noise
 p - 4 scrolls of remove curse {unknown}
Potions
 c - a potion of resistance {unknown}
 f - a potion of curing {@q1 !q}
 i - a potion of lignification {@q6}
 n - a potion of degeneration
 s - a potion of heal wounds {@q2 !q}
Comestibles
 b - 5 chunks of flesh
 e - 7 rations


   Skills:
 + Level 2.6 Fighting
 + Level 2.6 Short Blades
 + Level 2.6 Long Blades
 + Level 2.6 Axes
 + Level 2.6 Maces & Flails
 + Level 2.6 Polearms
 + Level 2.6 Staves
 + Level 2.6 Slings
 + Level 2.6 Bows
 + Level 2.6 Crossbows
 + Level 2.6 Throwing
 + Level 2.6 Armour
 + Level 5.3 Dodging
 + Level 5.0 Stealth
 + Level 2.6 Shields
 + Level 2.6 Unarmed Combat
 + Level 5.7 Spellcasting
 + Level 3.1 Conjurations
 + Level 2.1 Hexes
 + Level 2.1 Charms
 + Level 2.1 Summonings
 + Level 2.1 Necromancy
 + Level 2.1 Translocations
 + Level 2.1 Transmutations
 + Level 2.1 Fire Magic
 + Level 2.1 Ice Magic
 + Level 5.9 Air Magic
 + Level 2.1 Earth Magic
 + Level 2.1 Poison Magic
 + Level 3.0 Invocations
 + Level 2.6 Evocations


You had 9 spell levels left.
You knew the following spells:

 Your Spells              Type           Power        Failure   Level  Hunger
a - Shock                 Conj/Air       ###.         1%          1    None
b - Static Discharge      Conj/Air       ###.....     5%          3    ##.....
c - Airstrike             Air            ####......   10%         4    ####...

Your spell library contained the following spells:

 Spells                   Type           Power        Failure   Level  Hunger
 Swiftness                Chrm/Air       ###.....     3%          2    None
 Lightning Bolt           Conj/Air       ###.......   45%         5    #####..


Dungeon Overview and Level Annotations

Branches:
Dungeon (5/15)             Temple (1/1) D:5

Altars:
Dithmenos
Elyvilon
Gozag
Hepliaklqana
Nemelex Xobeh
Okawaru
Qazlal
Ru
Sif Muna
Trog
Uskayaw
Wu Jian
Xom
Yredelemnul
Zin
The Shining One


Innate Abilities, Weirdness & Mutations

Your experience applies equally to all skills.
You have very sharp teeth.
Your uncanny sense of smell can sniff out nearby items.


Message History

The lightning grounds out.
The centaur hits you. The orc hits you with a +0 flail.
The howler monkey zombie hits the plant but does no damage.
The orc closely misses you.
The centaur wields a +0 shortbow.
The centaur shoots an arrow.
The arrow closely misses you.
The arrow hits the plant!
The orc closely misses you. The orc hits you.
There is a staircase to the Ecumenical Temple, spattered with blood here.
Casting: Static Discharge (safe; 6% risk of failure)
Confirm with . or Enter, or press ? or * to list all spells.
The orc is struck by an arc of lightning!
You kill the orc!
You are struck by an arc of lightning.
The centaur is struck by an arc of lightning.
The centaur is severely wounded.
The lightning grounds out.
The centaur unwields a +0 shortbow.
The centaur hits you. The orc hits you with a +0 flail.
Casting: Static Discharge (safe; 6% risk of failure)
Confirm with . or Enter, or press ? or * to list all spells.
The centaur is struck by an arc of lightning!
You kill the centaur!
Your Conjurations skill increases to level 3!
The orc is struck by an arc of lightning.
The orc is severely wounded.
The plant is struck by an arc of lightning.
The plant is lightly damaged.
The orc is struck by an arc of lightning.
You kill the orc!
The lightning grounds out.
The howler monkey zombie barely misses you.
You hit the howler monkey zombie.
The howler monkey zombie is lightly damaged.
The howler monkey zombie hits you but does no damage.
You hit the howler monkey zombie.
The howler monkey zombie is moderately damaged.
You hit the howler monkey zombie.
The howler monkey zombie is heavily damaged.
The howler monkey zombie hits you.
* * * LOW HITPOINT WARNING * * *
You hit the howler monkey zombie.
Lightning courses through the howler monkey zombie!
You destroy the howler monkey zombie!
Things that are here:
a +0 shortbow; 11 arrows; a centaur corpse You butcher the centaur corpse.
b - 6 chunks of flesh
Things that are here:
a +0 shortbow; 11 arrows; a centaur skeleton Eat one of 6 chunks of flesh? (ye/n/q)
You eat one of the 6 chunks of flesh.
This raw flesh tastes terrible.
There is an open door here.
You see here an arrow.
The orc is too close now for your liking.
Your magical contamination has completely faded away.
You barely miss the orc. You hit the orc but do no damage. The orc hits you.
* * * LOW HITPOINT WARNING * * *
You hit the orc. Lightning courses through the orc!
You kill the orc!
c - a yellow potion
Found 12 stones.
Found a scroll labeled UCATHA GOANTIC.
Found a stone staircase leading up.
d - 5 scrolls labeled UCATHA GOANTIC (gained 1)
A centaur comes into view.
A ball python comes into view.
The helpless centaur fails to defend itself.
You impale the centaur!! Lightning courses through the centaur!!
You kill the centaur!
Your Stealth skill increases to level 5!
Your Invocations skill increases to level 3!
The helpless ball python fails to defend itself.
You impale the ball python!!
You kill the ball python!
A scorpion comes into view.
Found a scroll labeled ZOTEME QECIFA.
Found a stone staircase leading up.
The scorpion stings you!
* * * LOW HITPOINT WARNING * * *
You hit the scorpion but do no damage. The scorpion stings you.
* * * LOW HITPOINT WARNING * * *
You hit the scorpion.
The scorpion is lightly wounded.
You hit the scorpion but do no damage.
The scorpion is lightly wounded.
The scorpion closely misses you.
Okay, then.
You barely miss the scorpion. You bite the scorpion.
The scorpion is moderately wounded.
The scorpion stings you.
* * * LOW HITPOINT WARNING * * *
Really quaff
f - 2 potions of curing {@q1 !q}?
You feel better.
You are feeling hungry.
The scorpion stings you!
* * * LOW HITPOINT WARNING * * *
You barely miss the scorpion.
You bite the scorpion, but do no damage.
The scorpion is moderately wounded.
The scorpion stings you!
You die...

,,,,_,,,,,,*
*,,,,,#,*#....#
,,,,,,,,,,**
******#.##.##.#
,,,,,,,,,,* #.......#
**,,,,,**** ####*
####.#### *,,,,,*
###...#######.#
*,,,,,***#..........##.#
***,***,##.............#
*,,,,,.........##.####
*******#.....@<##.#
#.#..s..##.#
#.....?.##.#
####.......# #########


You could see a scorpion.

Vanquished Creatures
  2 centaurs (D:5)
  A scorpion (D:4)
  A crimson imp (D:5)
  A centaur zombie (D:3)
  2 hounds (D:4)
  2 orc priests
  A centaur skeleton (D:4)
  An orc wizard (D:4)
  4 worker ants
  A howler monkey zombie (D:5)
  9 adders
  An ooze (D:3)
  An adder skeleton (D:3)
  5 worms
  2 dart slugs
  3 leopard geckos
  9 orcs
  12 bats
  3 giant cockroaches
  6 goblins
  5 hobgoblins
  11 jackals
  A ball python (D:5)
  5 frilled lizards (D:1)
  14 kobolds
  7 rats
110 creatures vanquished.

Notes
Turn   | Place    | Note
-------+----------+-------------------------------------------
     0 | D:1      | EnegeticOcto the Gnoll Air Elementalist began the quest for
                  | the Orb.
     0 | D:1      | Reached XP level 1. HP: 13/13 MP: 6/6
   177 | D:1      | Reached XP level 2. HP: 19/19 MP: 4/7
   515 | D:1      | Reached XP level 3. HP: 25/25 MP: 5/9
   682 | D:1      | Reached skill level 5 in Spellcasting
   912 | D:2      | Learned a level 3 spell: Static Discharge
   986 | D:2      | Reached skill level 1 in Invocations
  1150 | D:2      | Reached skill level 1 in Fighting
  1150 | D:2      | Reached skill level 1 in Short Blades
  1150 | D:2      | Reached skill level 1 in Long Blades
  1150 | D:2      | Reached skill level 1 in Axes
  1150 | D:2      | Reached skill level 1 in Maces & Flails
  1150 | D:2      | Reached skill level 1 in Polearms
  1150 | D:2      | Reached skill level 1 in Staves
  1150 | D:2      | Reached skill level 1 in Slings
  1150 | D:2      | Reached skill level 1 in Bows
  1150 | D:2      | Reached skill level 1 in Crossbows
  1150 | D:2      | Reached skill level 1 in Throwing
  1150 | D:2      | Reached skill level 1 in Armour
  1150 | D:2      | Reached skill level 1 in Shields
  1150 | D:2      | Reached skill level 1 in Unarmed Combat
  1150 | D:2      | Reached skill level 1 in Evocations
  1154 | D:2      | Reached XP level 4. HP: 21/32 MP: 7/11
  1473 | D:2      | Reached skill level 1 in Hexes
  1473 | D:2      | Reached skill level 1 in Charms
  1473 | D:2      | Reached skill level 1 in Summonings
  1473 | D:2      | Reached skill level 1 in Necromancy
  1473 | D:2      | Reached skill level 1 in Translocations
  1473 | D:2      | Reached skill level 1 in Transmutations
  1473 | D:2      | Reached skill level 1 in Fire Magic
  1473 | D:2      | Reached skill level 1 in Ice Magic
  1473 | D:2      | Reached skill level 1 in Earth Magic
  1473 | D:2      | Reached skill level 1 in Poison Magic
  1592 | D:3      | Reached XP level 5. HP: 23/37 MP: 0/12
  1767 | D:3      | Learned a level 4 spell: Airstrike
  2031 | D:3      | Reached XP level 6. HP: 44/44 MP: 4/13
  2352 | D:4      | Reached skill level 5 in Dodging
  2387 | D:4      | Found a hazy altar of Hepliaklqana.
  2739 | D:4      | Reached XP level 7. HP: 50/50 MP: 15/15
  2896 | D:5      | Entered Level 5 of the Dungeon
  2954 | D:5      | Found a staircase to the Ecumenical Temple.
  2960 | Temple   | Entered the Ecumenical Temple
  3290 | D:5      | Reached skill level 5 in Stealth
  3316 | D:5      | Slain by a scorpion

Levels and vault maps discovered:
D:1:      nzn_arrival_water_spiral, layout_basic
D:2:      layout_basic, minmay_misc_feat_cross, minmay_tetromino_t4
D:3:      layout_basic, first_ration, minmay_misc_feat_five,
          nemelex_diamond_rough_becter
D:4:      layout_loops_ring, lemuel_doored_altar
D:5:      layout_loops_cross, slow_altar_1, minmay_temple_entry_enclosed_plants,
          uniq_menkaure
Temple:   regret_index_temple_generic_petals

Skill      XL: |  1  2  3  4  5  6  7 |
---------------+----------------------+-----
Conjurations   | 2 3 |  3.1
Spellcasting   | 5 |  5.7
Invocations    | 1 2 3 |  3.0
Fighting       | 1 2 |  2.6
Short Blades   | 1 2 |  2.6
Long Blades    | 1 2 |  2.6
Axes           | 1 2 |  2.6
Maces & Flails | 1 2 |  2.6
Polearms       | 1 2 |  2.6
Staves         | 1 2 |  2.6
Slings         | 1 2 |  2.6
Bows           | 1 2 |  2.6
Crossbows      | 1 2 |  2.6
Throwing       | 1 2 |  2.6
Armour         | 1 2 |  2.6
Shields        | 1 2 |  2.6
Unarmed Combat | 1 2 |  2.6
Evocations     | 1 2 |  2.6
Hexes          | 1 2 |  2.1
Charms         | 1 2 |  2.1
Summonings     | 1 2 |  2.1
Necromancy     | 1 2 |  2.1
Translocations | 1 2 |  2.1
Transmutations | 1 2 |  2.1
Fire Magic     | 1 2 |  2.1
Ice Magic      | 1 2 |  2.1
Earth Magic    | 1 2 |  2.1
Poison Magic   | 1 2 |  2.1
Dodging        | 5 |  5.3
Stealth        | 5 |  5.0
Air Magic      | |  5.9

Action                   |  1- 3 |  4- 6 |  7- 9 || total
-------------------------+-------+-------+-------++-------
Melee: Spear             |    14 |    68 |       ||    82
       Bite              |     4 |     4 |     6 ||    14
       Dagger            |       |    21 |    37 ||    58
 Cast: Shock             |    47 |    34 |       ||    81
       Static Discharge  |     2 |    22 |     5 ||    29
       Airstrike         |       |     5 |     1 ||     6
  Use: Scroll            |       |     5 |     5 ||    10
       Potion            |       |       |     1 ||     1
 Stab: Sleeping          |     3 |     4 |     2 ||     9
  Eat: Chunk             |     1 |     7 |     2 ||    10
Armor: Robe              |     4 |     7 |     3 ||    14
Dodge: Dodged            |    26 |   103 |    34 ||   163
